[Event "Early-Titled-Tuesday-Blitz-April-02-2024"]
[Site "Chess.com"]
[Date "2024.04.02"]
[Round "9"]
[White "HajiyevKanan"]
[Black "FlemingA"]
[Result "1-0"]
[WhiteElo "2608"]
[BlackElo "2461"]
[TimeControl "180+1"]
[EndTime "9:45:22 PDT"]
[Termination "HajiyevKanan won by resignation"]

1. d4 g6 2. Nf3 Bg7 3. c4 d6 4.
g3 Nf6 5. Bg2 O-O 6. O-O Nbd7 7.
b3 a5 8. Bb2 a4 9. Qc2 c6 10.
Rd1 d5 11. e3 Nb6 12. Nbd2 Bf5 13. Qc1 Ne4 14. Nh4 Nxd2 15. Nxf5 gxf5 16. Rxd2 e6 17.
Ba3 Re8 18. Bc5 Nd7 19. Bd6 Nf6 20. c5 Bf8 21. Be5 Nd7 22. Bf4 f6 23. h4 h6 24.
g4 fxg4 25. Qd1 f5 26. f3 Qxh4 27. fxg4 fxg4 28. bxa4 Bg7 29. Rb1 Ra7 30. Qc2 e5 31. Qg6 Re7 32. dxe5 Nxe5 33. Qd6 g3 34. Qb8+ Kh7 35.
Qxa7 Ng4 36. Rxb7 Qh2+ 37. Kf1 d4 38. Rxe7 Nxe3+ 39. Bxe3 dxe3 40. Rxg7+ 1-0

[Event "Early-Titled-Tuesday-Blitz-April-02-2024"]
[Site "Chess.com"]
[Date "2024.04.02"]
[Round "9"]
[White "IMRosen"]
[Black "ural58"]
[Result "1/2-1/2"]
[WhiteElo "2652"]
[BlackElo "2475"]
[TimeControl "180+1"]
[EndTime "9:45:22 PDT"]
[Termination "Game drawn - insufficient material"]

1. c4 e6 2. Nc3 d5 3. e3 c6 4. Nf3 f5 5. b3 Nf6 6. Bb2 Be7 7. cxd5 exd5 8. g3 O-O 9. Bg2 Nbd7 10. O-O Ne4 11.
d3 Nxc3 12. Bxc3 Bf6 13. Qc2 Bxc3 14. Qxc3 Qf6 15. d4 Re8 16. b4 a6 17. a4 h6 18.
b5 axb5 19. axb5 Rxa1 20. Rxa1 Kh7 21. bxc6 bxc6 22. Ra7 Re6 23. h4 c5 24. Rc7 Rc6 25.
Rxc6 Qxc6 26. dxc5 Qxc5 27. Qxc5 Nxc5 28. Nd4 Ne4 29. Bh3 g6 30. Bf1 Bd7 31. Ba6 Be8 32. Bb7 Bf7 33. Kg2 Kg7 34. f3 Nc5 35. Bc6 Kf6 36. Bb5 Ke5 37. Kf2 g5 38. hxg5 hxg5 39. Ne2 Be6 40. Ke1 Bd7 41. Bxd7 Nxd7 42. Nd4 f4 43.
exf4+ gxf4 44. Ne2 fxg3 45. Nxg3 Kf4 46. Kf2 Ne5 47. Ne2+ Kf5 48. Ke3 Nxf3 49. Kxf3 d4 50. Nxd4+ 1/2-1/2

[Event "Early-Titled-Tuesday-Blitz-April-02-2024"]
[Site "Chess.com"]
[Date "2024.04.02"]
[Round "9"]
[White "JCVanDamme10"]
[Black "Ralf61"]
[Result "1-0"]
[WhiteElo "2365"]
[BlackElo "2505"]
[TimeControl "180+1"]
[EndTime "9:45:24 PDT"]
[Termination "JCVanDamme10 won on time"]

1. e4 c5 2. Nf3 d6 3. d4 cxd4 4. Nxd4 Nf6 5. Nc3 a6 6. h3 e6 7. g4 b5 8. Bg2 Bb7 9. O-O Be7 10. Be3 Qc7 11. g5 Nfd7 12. f4 Nb6 13. Bf2 N8d7 14. Re1 O-O 15. a4 b4 16. Nce2 a5 17. Ng3 Rfe8 18. Nb5 Qb8 19. Qd4 e5 20. Qd3 exf4 21. Nf5 Ne5 22. Nxe7+ Rxe7 23. Qxd6 Qxd6 24. Nxd6 Nc8 25. Nf5 Re6 26. Red1 Ne7 27. Nd4 Rg6 28.
h4 h6 29. Nf5 Re8 30. Bc5 Nc8 31. Nd6 Nxd6 32. Rxd6 Rxd6 33. Bxd6 f3 34. Bf1 hxg5 35. hxg5 Bxe4 36. Re1 Ng4 37. Bg3 f5 38. gxf6 Nxf6 39.
Bc4+ Kh7 40. Bf2 Rd8 41. Bb3 Rd2 42. Bb6 Rg2+ 43. Kf1 Ng4 44. Rxe4 Nh2+ 45. Ke1 1-0

[Event "Early-Titled-Tuesday-Blitz-April-02-2024"]
[Site "Chess.com"]
[Date "2024.04.02"]
[Round "9"]
[White "Pragmatist237"]
[Black "Laico"]
[Result "1-0"]
[WhiteElo "2312"]
[BlackElo "2394"]
[TimeControl "180+1"]
[EndTime "9:45:26 PDT"]
[Termination "Pragmatist237 won by resignation"]

1. e4 e6 2. d3 d5 3. Qe2 dxe4 4. dxe4 e5 5. Nf3 Nc6 6. c3 Nf6 7. Bg5 h6 8. Bxf6 Qxf6 9. Nbd2 Bc5 10. Nc4 Be6 11. Ne3 O-O-O 12. g3 Qg6 13. Nd2 f5 14.
exf5 Bxf5 15. Nxf5 Qxf5 16. Ne4 Bb6 17. h4 Kb8 18. Bh3 Qf7 19. O-O g5 20. h5 Ne7 21.
Rad1 Nd5 22. Qc4 Qxh5 23. Be6 Ne7 24. Rxd8+ Rxd8 25. Nf6 Qf3 26. Nd7+ Ka8 27. Nxb6+ axb6 28. Qxc7 Nc6 29. Qxb6 Rd2 30. a4 Ne7 31. a5 Qc6 32. Qb3 Rd6 33. Bc4 Rd2 34. a6 bxa6 35. Ra1 Ka7 36.
Rxa6+ Qxa6 37. Bxa6 Kxa6 38. Qe6+ Kb5 39. Qxe7 Rxb2 40.
Qxe5+ Kc4 41. Qd4+ Kb3 42. Qb4+ Kc2 43. Qxb2+ Kxb2 44. c4 1-0

[Event "Early-Titled-Tuesday-Blitz-April-02-2024"]
[Site "Chess.com"]
[Date "2024.04.02"]
[Round "9"]
[White "sokidze"]
[Black "KuzubovYuriy"]
[Result "0-1"]
[WhiteElo "2791"]
[BlackElo "2917"]
[TimeControl "180+1"]
[EndTime "9:45:27 PDT"]
[Termination "KuzubovYuriy won on time"]

1. d4 Nf6 2. c4 e6 3. g3 d5 4. Nf3 Be7 5. Bg2 O-O 6. O-O dxc4 7. Qc2 b5 8. a4 b4 9. Nfd2 Nd5 10.
Nxc4 c5 11. dxc5 Ba6 12. Nbd2 Nd7 13. e4 b3 14. Qxb3 Nxc5 15. Qd1 Nb6 16. b3 Rb8 17. Ba3 Nxb3 18. Nxb3 Bxc4 19. Qxd8 Bxd8 20. Bxf8 Kxf8 21. Rfb1 Bf6 22. Ra3 Be7 23. Ra2 Nd7 24. Rab2 Bf6 25. Na5 Rxb2 26. Rxb2 Bxb2 27. Nxc4 Bd4 28. e5 Nc5 29.
Bc6 Nd3 30. Kf1 Nxf2 31. Ke2 Ng4 32. h3 Nxe5 33. Nxe5 Bxe5 34. g4 Ke7 35. Kf3 a5 36. Bb5 g6 37. Bd3 f5 38. Bc4 Bd4 39. Bb3 Kf6 40. Bc4 e5 41. gxf5 gxf5 42. Bg8 h6 43.
Bh7 Bb2 44. Ke2 e4 45. Bg8 Ke5 0-1

[Event "Early-Titled-Tuesday-Blitz-April-02-2024"]
[Site "Chess.com"]
[Date "2024.04.02"]
[Round "9"]
[White "vladoboch"]
[Black "Fy_Rakotomaharo"]
[Result "0-1"]
[WhiteElo "2537"]
[BlackElo "2706"]
[TimeControl "180+1"]
[EndTime "9:45:27 PDT"]
[Termination "Fy_Rakotomaharo won by resignation"]

1. e4 e5 2. Nf3 Nf6 3. Nxe5 d6 4.
Nf3 Nxe4 5. Qe2 Qe7 6. d3 Nf6 7. Bg5 Nbd7 8. Nc3 Qxe2+ 9. Bxe2 c6 10. O-O-O Be7 11. Rdg1 h6 12. Bd2 Nc5 13. h3 h5 14.
Nd4 Bd7 15. a3 a5 16. f3 h4 17. Bg5 Nh5 18. Bxe7 Kxe7 19. Re1 Kd8 20. Rhf1 Nf4 21.
Rf2 d5 22. Bf1 Rh6 23. Kd2 a4 24. Nce2 Nxe2 25. Rfxe2 Ne6 26. Nf5 Rf6 27. Ne3 Nd4 28. Ng4 Nxe2 29. Nxf6 Nf4 30. Ke3 Nxg2+ 31. Bxg2 gxf6 32.
Kf4 Be6 33. Rg1 Ra5 34. d4 c5 35. c3 cxd4 36. cxd4 Rb5 37. Rb1 Rb3 38. Bf1 Ke7 39.
Be2 Bxh3 40. Rh1 Be6 41. Rxh4 Rxb2 42. Ke3 Rb3+ 43. Bd3 Bf5 0-1

[Event "Early-Titled-Tuesday-Blitz-April-02-2024"]
[Site "Chess.com"]
[Date "2024.04.02"]
[Round "9"]
[White "microbear"]
[Black "dianamirza"]
[Result "1-0"]
[WhiteElo "2356"]
[BlackElo "1957"]
[TimeControl "180+1"]
[EndTime "9:45:28 PDT"]
[Termination "microbear won on time"]

1. e4 c5 2. Nf3 e6 3. d4 cxd4 4.
Nxd4 a6 5. Nc3 Nc6 6. Be3 Nf6 7.
h3 Qc7 8. g3 Bb4 9. Bg2 O-O 10.
O-O b5 11. e5 Qxe5 12. Bxc6 dxc6 13. Nxc6 Qd6 14. Nxb4 Qxb4 15. Qf3 Rb8 16. Rab1 Bb7 17. Qf4 Qxf4 18. Bxf4 Rbd8 19. Rfd1 Nd5 20. Nxd5 Bxd5 21. b3 f6 22. Bc7 Rc8 23. c4 Rxc7 24.
cxd5 e5 25. Rb2 Rd8 26. Kg2 e4 27. g4 g6 28. Kg3 Rc3+ 29. Kg2 Kf7 30. a4 f5 31.
axb5 axb5 32. gxf5 gxf5 33. d6 Ke6 34. Rbd2 Rxb3 35.
d7 Rd3 36. Rxd3 exd3 37. Rxd3 Rxd7 38. Rb3 Rd5 39. Kf3 Ke5 40. Kg3 Ke4 41. Kh4 f4 42. Kg4 h5+ 43. Kh4 f3 44. Kg3 Rg5+ 45. Kh4 Rg2 46. Rb2 Rg1 47. Kxh5 Kd3 48. Rxb5 1-0

[Event "Early-Titled-Tuesday-Blitz-April-02-2024"]
[Site "Chess.com"]
[Date "2024.04.02"]
[Round "9"]
[White "kleber2007"]
[Black "xasid81"]
[Result "1/2-1/2"]
[WhiteElo "2464"]
[BlackElo "2620"]
[TimeControl "180+1"]
[EndTime "9:45:31 PDT"]
[Termination "Game drawn - insufficient material"]

1. Nf3 b5 2. e4 a6 3. d4 Bb7 4.
Bd3 e6 5. O-O c5 6. dxc5 Bxc5 7.
Qe2 Nc6 8. a4 Nb4 9. axb5 Nxd3 10.
Qxd3 axb5 11. Rxa8 Qxa8 12. Re1 b4 13. Bg5 h6 14.
Bh4 Ne7 15. Nbd2 Ng6 16. Bg3 O-O 17. Bd6 Bxd6 18. Qxd6 Qa4 19. b3 Qb5 20. Nd4 Qg5 21. N2f3 Qf4 22. Qxd7 Ba8 23. Qb5 e5 24. Nc6 Rc8 25.
Ncxe5 Nxe5 26. Qxe5 Qxe5 27. Nxe5 Rxc2 28. Nd3 Rc3 29.
Nxb4 Rxb3 30. Nd5 Bxd5 31. exd5 Rd3 32. g3 Rxd5 33. Kg2 g5 34. Re3 Kg7 35. Rf3 Kg6 36. Re3 Rf5 37. h3 Rf6 38. g4 Rf4 39. Rb3 h5 40.
Rb6+ f6 41. gxh5+ Kxh5 42. Rb8 Kg6 43. Rb3 Ra4 44. Rc3 Rb4 45. Ra3 Rc4 46. Rb3 Rd4 47. Rc3 f5 48. Rc6+ Kh5 49. Rc3 Rd2 50. Rb3 Ra2 51. Rc3 Kg6 52. Rc6+ Kh5 53. Rc3 Ra6 54. Rb3 Kg6 55. Rc3 Kf6 56. Rb3 Rd6 57. Ra3 Ke5 58. Ra5+ Rd5 59. Ra3 Ke4 60. Ra4+ Rd4 61. Ra3 Kf4 62.
Rf3+ Ke5 63. Re3+ Re4 64. Ra3 Kf6 65. Rc3 g4 66. hxg4 fxg4 67. Rb3 Kf5 68. Rb5+ Kf4 69. Rb3 Re5 70. Rb4+ Re4 71. Rxe4+ Kxe4 72. Kg3 Kf5 73. f3 gxf3 74. Kxf3 1/2-1/2

[Event "Early-Titled-Tuesday-Blitz-April-02-2024"]
[Site "Chess.com"]
[Date "2024.04.02"]
[Round "9"]
[White "Goffredo_Fofi"]
[Black "MatthewG-p4p"]
[Result "0-1"]
[WhiteElo "2574"]
[BlackElo "2858"]
[TimeControl "180+1"]
[EndTime "9:45:32 PDT"]
[Termination "MatthewG-p4p won by checkmate"]

1. e4 e6 2. d3 d5 3. Nd2 Nf6 4.
Ngf3 Nc6 5. c3 e5 6. Be2 a5 7.
O-O Be7 8. b3 O-O 9. a3 h6 10.
Rb1 Be6 11. b4 axb4 12. axb4 d4 13. b5 dxc3 14. bxc6 cxd2 15. Bxd2 b6 16. Nxe5 Ra2 17.
Ra1 Qa8 18. Bc3 Rd8 19. Rxa2 Qxa2 20. Bf3 b5 21. Qa1 b4 22. Qxa2 Bxa2 23. Bb2 Bc5 24.
Ra1 Be6 25. d4 Bxd4 26. Rd1 Bxb2 27. Rxd8+ Kh7 28. Rb8 Bxe5 29. Rxb4 g5 30. h3 Kg7 31. Rb5 Bc3 32. Rb7 Ba5 33. Kh2 Kf8 34. g3 Ke7 35.
Bg2 Kd6 36. f4 Kxc6 37. e5+ Nd5 38. Rb8 gxf4 39. gxf4 Kc5 40. Kg3 Bd2 41. Bxd5 Bxd5 42. Rh8 Kd4 43. Rxh6 c5 44. Rh8 c4 45. Rc8 c3 46. h4 Bc4 47. f5 c2 48. e6 c1=Q 49. e7 Qg1+ 50. Kh3 Bf1# 0-1

[Event "Early-Titled-Tuesday-Blitz-April-02-2024"]
[Site "Chess.com"]
[Date "2024.04.02"]
[Round "9"]
[White "Kopytkin"]
[Black "Orphanator2009"]
[Result "1-0"]
[WhiteElo "2426"]
[BlackElo "2516"]
[TimeControl "180+1"]
[EndTime "9:45:32 PDT"]
[Termination "Kopytkin won by checkmate"]

1. d4 Nf6 2. Bg5 e6 3. Nd2 c5 4.
e3 Nc6 5. c3 h6 6. Bh4 b6 7.
Ngf3 Bb7 8. Bd3 Be7 9. O-O O-O 10.
Re1 Rc8 11. a3 d5 12. Bg3 Bd6 13. Ne5 Qc7 14. f4 Nd7 15. Qg4 f5 16. Qe2 Ndxe5 17.
fxe5 Be7 18. Rf1 c4 19. Bc2 Na5 20. Bf4 Bc6 21. g4 g6 22. Bxh6 Rf7 23. Rf2 Kh7 24. Bf4 Rg8 25. Rg2 Rgg7 26. Kh1 Qd7 27. Rag1 Ba4 28.
Bb1 Nb3 29. Nxb3 Bxb3 30. gxf5 gxf5 31. Qh5+ Kg8 32. Bh6 Bf8 33. Bxg7 Bxg7 34. Rg6 Ba4 35. Qg5 Qe7 36. Qg3 Be8 37. Rg5 Qf8 38. h4 Kh7 39.
Rh5+ Kg8 40. Rg5 Kh7 41. h5 Re7 42. h6 Bxh6 43. Qh3 Bf7 44. Rxf5 exf5 45. Qxf5+ Kh8 46. Qh7# 1-0

[Event "Early-Titled-Tuesday-Blitz-April-02-2024"]
[Site "Chess.com"]
[Date "2024.04.02"]
[Round "9"]
[White "JJDAREK"]
[Black "Slovineanu"]
[Result "1/2-1/2"]
[WhiteElo "2334"]
[BlackElo "2457"]
[TimeControl "180+1"]
[EndTime "9:45:32 PDT"]
[Termination "Game drawn by repetition"]

1. c4 e5 2. d3 Bb4+ 3. Nd2 Nf6 4. Nf3 Nc6 5. a3 Be7 6. b4 d6 7. Bb2 O-O 8. b5 Nb8 9. g3 a6 10.
a4 b6 11. Bg2 Bb7 12. O-O Nbd7 13. e3 Re8 14. Qc2 Bf8 15. Ng5 Bxg2 16. Kxg2 h6 17. Nge4 Nxe4 18. Nxe4 f5 19. Nc3 Be7 20. Nd5 Nf6 21.
Nb4 axb5 22. axb5 Qd7 23. Rxa8 Rxa8 24. Ra1 Rxa1 25. Bxa1 d5 26. Nc6 e4 27. Nxe7+ Qxe7 28. Bxf6 Qxf6 29. cxd5 exd3 30. Qxd3 Kf7 31. Qc2 Qe5 32.
Qc6 Qe4+ 33. Kg1 Qb1+ 34. Kg2 Qe4+ 35. f3 Qxe3 36. Qxc7+ Kf6 37. Qc6+ Kf7 38. Qc4 Ke7 39. h4 g5 40. hxg5 hxg5 41. Qc7+ Kf6 42. Qd6+ Kf7 43.
Qd7+ Kf6 44. Qd8+ Kf7 45. Qd7+ Kf6 46. Qd8+ Kf7 47. Qd7+ 1/2-1/2

[Event "Early-Titled-Tuesday-Blitz-April-02-2024"]
[Site "Chess.com"]
[Date "2024.04.02"]
[Round "9"]
[White "kritipatel"]
[Black "javirec"]
[Result "0-1"]
[WhiteElo "2231"]
[BlackElo "2277"]
[TimeControl "180+1"]
[EndTime "9:45:32 PDT"]
[Termination "javirec won on time"]

1. e4 c5 2. c3 Nf6 3. e5 Nd5 4.
d4 cxd4 5. Nf3 Nc6 6. Bc4 Nb6 7. Bb3 d5 8. exd6 Qxd6 9. Na3 a6 10. O-O Be6 11.
Re1 Bd5 12. Nxd4 Bxb3 13. Qxb3 Nxd4 14. cxd4 e6 15. Be3 Be7 16. Rac1 O-O 17. h3 Nd5 18. Nc4 Qc6 19. Ne5 Qb5 20. Qxb5 axb5 21. a3 b4 22. axb4 Bxb4 23. Re2 Ra2 24. Rec2 h6 25. Kh2 Bd6 26.
Bd2 f6 27. f4 fxe5 28. fxe5 Be7 29. Be1 Raa8 30. Rc4 Rf7 31. b4 Raf8 32. b5 Bg5 33. R1c2 Bf4+ 34. Kh1 Ne3 0-1

[Event "Early-Titled-Tuesday-Blitz-April-02-2024"]
[Site "Chess.com"]
[Date "2024.04.02"]
[Round "9"]
[White "GoValya"]
[Black "aljado"]
[Result "1-0"]
[WhiteElo "2231"]
[BlackElo "2136"]
[TimeControl "180+1"]
[EndTime "9:45:32 PDT"]
[Termination "GoValya won on time"]

1. Nf3 Nf6 2. g3 g6 3. Bg2 Bg7 4. O-O O-O 5. d4 d5 6. c4 c6 7. Nc3 Nbd7 8. Ne5 Nb6 9. b3 Be6 10. c5 Nbd7 11. Nd3 b5 12. Nb4 Qc8 13. e4 dxe4 14. Nxe4 Nxe4 15. Bxe4 Nxc5 16. Bxc6 Nb7 17.
Qf3 Bg4 18. Qh1 Rb8 19. Bf4 Nd6 20. Nd5 Qd8 21. Rae1 e6 22. Ne3 Bh3 23. Bg2 Bxg2 24. Qxg2 Rc8 25. Rd1 Qb6 26. Bxd6 Qxd6 27. d5 e5 28. Qe4 f5 29. Qd3 a6 30. a4 f4 31.
Ng2 bxa4 32. bxa4 a5 33. Rfe1 Rc5 34. Qe4 Rc3 35. Rb1 Rc5 36. Red1 Rd8 37. gxf4 exf4 38. Nxf4 Be5 39. Ne6 Rxd5 40. Rxd5 Qxd5 41. Qg4 Qd3 42. Rf1 1-0

[Event "Early-Titled-Tuesday-Blitz-April-02-2024"]
[Site "Chess.com"]
[Date "2024.04.02"]
[Round "9"]
[White "francyIM"]
[Black "ChainedDowntohell"]
[Result "1-0"]
[WhiteElo "2803"]
[BlackElo "2579"]
[TimeControl "180+1"]
[EndTime "9:45:33 PDT"]
[Termination "francyIM won on time"]

1. d4 e6 2. Bf4 b6 3. e3 Bb7 4. c4 d6 5. Nc3 Nd7 6. Nf3 g6 7.
h3 Bg7 8. Bh2 Ne7 9. Be2 O-O 10.
O-O h6 11. b4 a5 12. bxa5 Rxa5 13. a4 e5 14. Qc2 exd4 15. Nxd4 Nc5 16. Rfd1 Nc6 17.
Ndb5 Ne5 18. Nd5 c6 19. Ndc3 cxb5 20. Nxb5 Qg5 21. Bg3 Be4 22. Qa2 Ned3 23. Bxd3 Nxd3 24. Rab1 Be5 25. Kh2 h5 26. f4 Nxf4 27. exf4 Bxf4 28.
Rb3 h4 29. Bxf4 Qxf4+ 30. Kh1 Rfa8 31. Ra3 d5 32. cxd5 Rxb5 33. axb5 Rxa3 34. Qxa3 Qf2 35. Rg1 Bxd5 36. Qd3 Qc5 37. Rd1 Be6 38. Qd8+ Kg7 39. Qxh4 Qxb5 40. Qd4+ Kh7 41. Qf6 Qg5 42. Qxg5 1-0

[Event "Early-Titled-Tuesday-Blitz-April-02-2024"]
[Site "Chess.com"]
[Date "2024.04.02"]
[Round "9"]
[White "PonyQueen07"]
[Black "Englishman_18"]
[Result "0-1"]
[WhiteElo "2138"]
[BlackElo "2282"]
[TimeControl "180+1"]
[EndTime "9:45:33 PDT"]
[Termination "Englishman_18 won by checkmate"]

1. c4 Nf6 2. Nc3 d5 3. cxd5 Nxd5 4. g3 c5 5. Bg2 Nc7 6. Nf3 Nc6 7. O-O e5 8. d3 Be7 9. b3 O-O 10. Bb2 b6 11. Rc1 Be6 12. Nd2 Qd7 13. Nf3 Bh3 14. Ne4 Bxg2 15. Kxg2 Qe6 16. Ned2 f5 17. Nc4 Bf6 18. e4 Rad8 19. Qe2 f4 20. a3 Nb5 21. a4 Nbd4 22. Nxd4 Nxd4 23. Bxd4 Rxd4 24. f3 fxg3 25. hxg3 Bg5 26. Rcd1 a6 27. Rb1 Rfd8 28. Rfd1 b5 29.
Ne3 Bxe3 30. Qxe3 Qd6 31. axb5 axb5 32. Kf2 Rxd3 33. Rxd3 Qxd3 34. Qxd3 Rxd3 35. Ke2 Rd8 36. Rc1 Rc8 37. f4 Kf7 38. Kf3 Ke6 39. f5+ Kf6 40. Rd1 c4 41. bxc4 bxc4 42. Rc1 Ke7 43. Rc3 Kd6 44. g4 Kc5 45. g5 Kd4 46. Rc1 c3 47. Kg4 Kxe4 48. Re1+ Kd4 49. f6 gxf6 50. gxf6 Kd3 51.
Kf5 Kd2 52. Rh1 c2 53. Kxe5 c1=Q 54. Rxc1 Rxc1 55. f7 Rf1 56. Ke6 h5 57. Ke7 h4 58.
f8=Q Rxf8 59. Kxf8 h3 60. Kf7 h2 61. Kf6 h1=Q 62. Kf5 Qf3+ 63. Ke6 Qf4 64. Kd5 Qe3 65. Kc6 Qd4 66. Kb5 Qc3 67. Ka6 Qb4 68. Ka7 Kd3 69.
Ka8 Kd4 70. Ka7 Kc5 71. Ka8 Kc6 72. Ka7 Qb7# 0-1

[Event "Early-Titled-Tuesday-Blitz-April-02-2024"]
[Site "Chess.com"]
[Date "2024.04.02"]
[Round "9"]
[White "martinmena"]
[Black "chess_sharparchitect"]
[Result "0-1"]
[WhiteElo "2163"]
[BlackElo "2279"]
[TimeControl "180+1"]
[EndTime "9:45:33 PDT"]
[Termination "chess_sharparchitect won on time"]

1. c4 e5 2. g3 Nc6 3. Bg2 Nf6 4. Nc3 Bb4 5. e4 a5 6. Nge2 Bc5 7. O-O d6 8. h3 Be6 9. d3 Qd7 10. Kh2 h5 11. f4 Ng4+ 12. Kh1 exf4 13. gxf4 Nf2+ 14. Rxf2 Bxf2 15. Qf1 Bd4 16. f5 Bxc3 17. Nxc3 Ne5 18. fxe6 fxe6 19. d4 Nc6 20. Qd3 O-O-O 21. Bg5 Rdf8 22. h4 Rf2 23. Be3 Rxb2 24. Bh3 Nb4 25. Qf1 Kb8 26. Rb1 Rc2 27. Ne2 Qe7 28. Bg5 Qe8 29.
Qd1 Rxa2 30. Nf4 Rf8 31. Ra1 Rxa1 32. Qxa1 Qc6 33. Qe1 Qxc4 34. Qe2 Qc1+ 35. Kg2 Rxf4 36. Bxf4 Qxf4 37. Bxe6 Qxh4 38. Bh3 Qg5+ 39. Kh2 Qf4+ 40. Kg2 Nc6 41. e5 Nxd4 42. Qxh5 Qe4+ 0-1

[Event "Early-Titled-Tuesday-Blitz-April-02-2024"]
[Site "Chess.com"]
[Date "2024.04.02"]
[Round "9"]
[White "Heliosis11"]
[Black "Kostya0705"]
[Result "0-1"]
[WhiteElo "2386"]
[BlackElo "2559"]
[TimeControl "180+1"]
[EndTime "9:45:35 PDT"]
[Termination "Kostya0705 won on time"]

1. e4 c5 2. Nf3 e6 3. Nc3 Nc6 4. d4 cxd4 5. Nxd4 Qc7 6. Be3 a6 7. g4 b5 8. Qd2 Bb4 9. a3 Be7 10. h4 Bb7 11. Bd3 h6 12. Rg1 b4 13. axb4 Bxb4 14.
g5 hxg5 15. hxg5 Nge7 16. f4 Ng6 17. f5 Nge5 18. Qe2 Rh2 19. Rg2 Rh1+ 20. Rg1 Nxd4 21.
Bxd4 Rxg1+ 22. Bxg1 Bxc3+ 23. Kf1 Bxb2 24. Rb1 Qc3 25.
g6 fxg6 26. fxe6 dxe6 27. Qe3 Nxd3 28. cxd3 Kd7 29. Qe2 Rf8+ 30. Kg2 Ba3 31. Rxb7+ Kc8 32. Rb6 Qe5 33. Qc2+ Kd8 34. Be3 Bd6 35. Rxd6+ Qxd6 36. Bc5 Qc7 37. Qc4 Rf6 38. Qd4+ Ke8 39. Bb6 Qd7 40. Qc4 Rf4 41. Bc7 Rf8 0-1

[Event "Early-Titled-Tuesday-Blitz-April-02-2024"]
[Site "Chess.com"]
[Date "2024.04.02"]
[Round "9"]
[White "KorolDimitriy75"]
[Black "frequentblunders"]
[Result "0-1"]
[WhiteElo "2360"]
[BlackElo "2231"]
[TimeControl "180+1"]
[EndTime "9:45:35 PDT"]
[Termination "frequentblunders won on time"]

1. d4 e6 2. c4 c5 3. d5 Nf6 4. Nc3 d6 5. Nf3 Be7 6. e4 O-O 7. h3 a6 8. a4 exd5 9. cxd5 Re8 10. Bd3 Nbd7 11. O-O Ne5 12. Nxe5 dxe5 13. a5 h6 14. Be3 Bd6 15. Qe2 Bd7 16. Rfc1 Qe7 17. Na4 Bxa4 18. Rxa4 Rec8 19. Rac4 Nd7 20. b4 Kh7 21. Qc2 b5 22. axb6 Nxb6 23. Rxc5 Bxc5 24. bxc5 Nd7 25. c6 Rab8 26. Qa4 Nf6 27. Qxa6 Qb4 28. Qc4 Qb2 29. Kh2 g6 30. Qc3 Qxc3 31. Rxc3 Rb2 32. Ba6 Rc7 33. Bb7 Rb4 34. f3 Rb2 35. Bc5 Nh5 36.
Bd6 Rcxb7 37. cxb7 Nf4 0-1

[Event "Early-Titled-Tuesday-Blitz-April-02-2024"]
[Site "Chess.com"]
[Date "2024.04.02"]
[Round "9"]
[White "Pasmendjambvirgulptipon98"]
[Black "MarceloPlaya"]
[Result "1-0"]
[WhiteElo "2323"]
[BlackElo "2372"]
[TimeControl "180+1"]
[EndTime "9:45:35 PDT"]
[Termination "Pasmendjambvirgulptipon98 won on time"]

1. Nf3 e6 2. g3 d5 3. Bg2 Nf6 4. O-O c5 5. c4 d4 6. e3 Nc6 7.
d3 e5 8. exd4 exd4 9. Re1+ Be7 10. Nbd2 O-O 11. a3 Bg4 12. h3 Bh5 13. Ne4 Nxe4 14.
Rxe4 Bg6 15. Re1 Re8 16. Bf4 Bf6 17. Qd2 Qd7 18. b4 Qf5 19. b5 Ne7 20. g4 Qxd3 21. g5 Qxc4 22. gxf6 gxf6 23. a4 Nd5 24. Bh6 Nc3 25.
Qf4 Re6 26. Rxe6 Qxe6 27. Re1 Qf5 28. Qd6 d3 29. Nh4 Qh5 30. Qf4 Ne2+ 31. Rxe2 dxe2 32. Nf3 Re8 33. Ne1 Qe5 34. Qh4 Qa1 35. f3 c4 36. Kh2 1-0

[Event "Early-Titled-Tuesday-Blitz-April-02-2024"]
[Site "Chess.com"]
[Date "2024.04.02"]
[Round "9"]
[White "Gabrielian_Artur"]
[Black "lilleper1"]
[Result "0-1"]
[WhiteElo "2804"]
[BlackElo "2922"]
[TimeControl "180+1"]
[EndTime "9:45:36 PDT"]
[Termination "lilleper1 won by resignation"]

1. e4 e5 2. Nf3 Nc6 3. Bc4 g6 4. d4 exd4 5. c3 dxc3 6. Nxc3 Bg7 7. O-O d6 8. Bg5 Bf6 9. Qd2 Bg4 10. Nd5 Bxg5 11. Nxg5 Ne5 12. Bb3 h6 13. f4 hxg5 14. fxe5 Be6 15. Rac1 c6 16. exd6 Qxd6 17. Nf6+ Ke7 18.
Qxd6+ Kxd6 19. Rcd1+ Ke7 20. e5 Rh4 21. Bxe6 Kxe6 22.
Nd7 Rc4 23. b4 b6 24. a4 Ke7 25. b5 cxb5 26. axb5 Rd8 27. Nxb6 axb6 28. Rxd8 Kxd8 29. Rxf7 Ne7 30. Rf6 Rc5 31. Rxb6 Rxe5 32. Kf2 Kc7 33. Ra6 Rxb5 34. Kf3 Kd7 35. Kg4 Ke8 36. Rf6 Rb2 37. g3 Rxh2 38. Kxg5 Rh5+ 39. Kg4 Rf5 40. Rxf5 Nxf5 41.
Kg5 Kf7 42. g4 Ne3 43. Kf4 Nc4 44. Kg5 Ne5 45. Kf4 Kf6 0-1

[Event "Early-Titled-Tuesday-Blitz-April-02-2024"]
[Site "Chess.com"]
[Date "2024.04.02"]
[Round "9"]
[White "shimastream"]
[Black "Yaacovn"]
[Result "1-0"]
[WhiteElo "3013"]
[BlackElo "2857"]
[TimeControl "180+1"]
[EndTime "9:45:37 PDT"]
[Termination "shimastream won on time"]

1. e4 c6 2. d4 d5 3. Nc3 dxe4 4. Nge2 Nf6 5. Ng3 Bg4 6. Be2 Bxe2 7. Qxe2 e6 8.
Ncxe4 Nxe4 9. Nxe4 Nd7 10. Bf4 Nf6 11. Nxf6+ Qxf6 12. Be5 Qg5 13. O-O Be7 14. Rad1 O-O 15. Rd3 Bf6 16. f4 Qf5 17. g4 Qg6 18. Rg3 Bxe5 19. dxe5 Rad8 20. h4 f5 21. h5 Qe8 22.
g5 Rd5 23. g6 Qd7 24. h6 gxh6 25. Qh5 Rd2 26. Qxh6 Qd4+ 27. Kh1 Qe4+ 28. Rgf3 Rd7 29. Rf2 Rg7 30. Rg2 hxg6 31. Rfg3 Rh7 32. Rxg6+ Kh8 33. Kg1 Qe1+ 34. Kh2 Rd8 35. Rxe6 Qe3 36. Rgg6 Qxf4+ 37. Kh3 Qf3+ 38. Kh4 Rd4+ 39. Kg5 Rg4+ 40. Kf6 Rxg6+ 41. Qxg6 1-0

[Event "Early-Titled-Tuesday-Blitz-April-02-2024"]
[Site "Chess.com"]
[Date "2024.04.02"]
[Round "9"]
[White "CSB7"]
[Black "Kazmin_Semyon"]
[Result "1-0"]
[WhiteElo "2777"]
[BlackElo "2605"]
[TimeControl "180+1"]
[EndTime "9:45:38 PDT"]
[Termination "CSB7 won by resignation"]

1. d4 Nf6 2. c4 e6 3. Nc3 Bb4 4. e3 O-O 5. Bd3 Re8 6. a3 Bf8 7. g4 e5 8. dxe5 Rxe5 9. f4 Re6 10. g5 Ne8 11. Qc2 g6 12. Nf3 b6 13. e4 Nd6 14. O-O Bb7 15. f5 Re8 16. Bf4 Nc6 17. Nd5 Bg7 18. f6 Bf8 19. h4 Na5 20. h5 c6 21. Ne3 Ba6 22. e5 Ndxc4 23. Nxc4 Bc5+ 24. Kg2 d5 25. Nxa5 Bxd3 26. Qxd3 bxa5 27. Rh1 Qd7 28.
Rh4 Rab8 29. b3 a4 30. b4 a5 31. hxg6 fxg6 32. bxc5 Rb2+ 33. Kg3 Rb3 34. Qe2 Qf5 35.
Rah1 Rb7 36. Qh2 Rb4 37. axb4 Qg4+ 38. Rxg4 1-0

[Event "Early-Titled-Tuesday-Blitz-April-02-2024"]
[Site "Chess.com"]
[Date "2024.04.02"]
[Round "9"]
[White "GrotBchess"]
[Black "Bilan_Danila"]
[Result "0-1"]
[WhiteElo "2439"]
[BlackElo "2590"]
[TimeControl "180+1"]
[EndTime "9:45:38 PDT"]
[Termination "Bilan_Danila won by checkmate"]

1. e4 c6 2. d4 d5 3. Nd2 dxe4 4. Nxe4 Bf5 5. Ng3 Bg6 6. c3 Nd7 7. Nh3 e5 8. dxe5 Nxe5 9. Qe2 Qe7 10. Nf4 Nf6 11. Bd2 Bd3 12. Qe3 Nfg4 13. Nxd3 Nxe3 14. Bxe3 Nxd3+ 15. Bxd3 Qc7 16. O-O Bd6 17. Nf5 Bxh2+ 18. Kh1 Be5 19. f4 Bf6 20. Bc5 O-O-O 21. Be2 Rd5 22. Bg1 Rxf5 23. Bg4 g6 24. Rae1 Kb8 25. Bxf5 gxf5 26. Re3 b6 27. Rh3 c5 28. Rh5 Qd7 29.
Rf3 Re8 30. Rxh7 Re1 31. Kh2 Re2 32. Rg3 Kb7 33. Be3 Rxb2 34. Bc1 Rxa2 35. Rg8 Rc2 36.
Rf8 Qd6 37. Rhxf7+ Ka6 38. Rxf6 Qd3 39. Ba3 Qe4 40.
Rg8 Qxf4+ 41. Kh3 Rxc3+ 42. g3 Qe4 43. Bb2 Qh1# 0-1